[Event "*** SCC Grand Prix: Titled Tuesday Blitz"]
[Site "Chess.com"]
[Date "2020.06.02"]
[Round "9"]
[White "Forantes"]
[Black "novocane"]
[Result "0-1"]
[WhiteElo "2286"]
[BlackElo "2175"]
[TimeControl "180+1"]
[EndTime "11:47:49 PDT"]
[Termination "novocane won by resignation"]

1. Nf3 c5 2. g3 b6 3. Bg2 Bb7 4. O-O e6 5. d4 cxd4 6. Qxd4 Nf6 7. c4 a6 8. Nc3 d6 9. Bg5 Nbd7 10. Rad1 Be7 11. b3 O-O 12. Qh4 Re8 13. Rfe1 h6 14.
Bxh6 gxh6 15. Qxh6 Qc7 16. Rd4 Bf8 17. Qg5+ Bg7 18.
Red1 d5 19. h4 Nh7 20. Qg4 Ndf6 21. Qh3 b5 22. Ng5 bxc4 23. bxc4 dxc4 24. Nxh7 Kxh7 25. g4 Bxg2 26. Qxg2 Rad8 27. g5 Rxd4 28. Rxd4 Nh5 29. Qe4+ Kg8 30. Rxc4 Qe5 31. Qc6 Rd8 32. Ne4 Nf4 33.
Rc1 Nxe2+ 34. Kg2 Nxc1 35. h5 Qd5 36. Qxd5 exd5 37. Nd2 Rc8 38. f4 Rc2 39. Kf3 Rxd2 0-1

[Event "*** SCC Grand Prix: Titled Tuesday Blitz"]
[Site "Chess.com"]
[Date "2020.06.02"]
[Round "9"]
[White "suyu28"]
[Black "Gabrielian_Artur"]
[Result "0-1"]
[WhiteElo "2587"]
[BlackElo "2744"]
[TimeControl "180+1"]
[EndTime "11:47:50 PDT"]
[Termination "Gabrielian_Artur won on time"]

1. d4 Nf6 2. c4 c5 3. d5 e6 4. Nc3 exd5 5. cxd5 d6 6. Nf3 g6 7. g3 Bg7 8. Bg2 O-O 9. O-O Re8 10. Nd2 Nbd7 11. e4 a6 12. a4 Rb8 13. Nc4 Nb6 14. Na3 Bd7 15. Bf4 Nc8 16. Nc4 Qc7 17. a5 Ng4 18. Re1 Ne5 19. Nxe5 Bxe5 20. Bxe5 dxe5 21.
d6 Nxd6 22. Nd5 Qd8 23. Nb6 Be6 24. Qc2 c4 25. Rad1 Qc7 26. f4 Rbd8 27. Kh1 Qc5 28. Nd5 Bxd5 29. Rxd5 Qc7 30. fxe5 Nb5 31. Red1 Rxd5 32.
exd5 Qxe5 33. Qxc4 Nd6 34. Qc2 h5 35. Qf2 Qe2 36.
Qd4 Rc8 37. Rg1 Rc2 38. Qf4 Nf5 39. d6 Rd2 40. d7 Rxd7 41. Bf3 Qxb2 42. Bxh5 Rd2 43.
g4 Ng7 44. Re1 gxh5 45. Qb8+ Kh7 46. Qf4 Qd4 47. Qg5 Qd5+ 0-1

[Event "*** SCC Grand Prix: Titled Tuesday Blitz"]
[Site "Chess.com"]
[Date "2020.06.02"]
[Round "9"]
[White "Illingworth"]
[Black "Matibar"]
[Result "1-0"]
[WhiteElo "2898"]
[BlackElo "2702"]
[TimeControl "180+1"]
[EndTime "11:47:51 PDT"]
[Termination "Illingworth won on time"]

1. d4 f5 2. Bf4 Nf6 3. e3 b6 4. Be2 Bb7 5. Bf3 Nc6 6. c4 e6 7. Nc3 Bb4 8. Ne2 Na5 9. Bxb7 Nxb7 10. a3 Bd6 11. O-O O-O 12. b4 Bxf4 13. Nxf4 Nd6 14. c5 Nde4 15. Nxe4 Nxe4 16. f3 Nf6 17. Qe2 Qe7 18.
Rfc1 e5 19. Qc4+ Kh8 20. Nd5 Nxd5 21. Qxd5 exd4 22. Qxd4 Rac8 23. Rc3 b5 24. c6 d6 25. Qxa7 f4 26. e4 Rf6 27. Qb7 Rcf8 28. Qxb5 Rh6 29. Qf1 Qh4 30. h3 Rg6 31. a4 Qxh3 32. a5 Qh5 33. a6 Rh6 34. a7 Ra8 35. Kf2 Qe5 36. Qc4 Rh2 37. Ra5 Qf6 38. Rb5 Qh4+ 39. Ke2 Rxg2+ 40.
Kd3 Qd8 41. Rb7 h6 42. Qe6 Rf2 43. Kc4 Kh7 44. Qf5+ Kh8 45. b5 Qg8+ 46. Qd5 Qc8 47. b6 cxb6 48. c7 Ra2 49. Rb8 1-0

[Event "*** SCC Grand Prix: Titled Tuesday Blitz"]
[Site "Chess.com"]
[Date "2020.06.02"]
[Round "9"]
[White "deribas12345"]
[Black "MasterKroket"]
[Result "1/2-1/2"]
[WhiteElo "2544"]
[BlackElo "2428"]
[TimeControl "180+1"]
[EndTime "11:47:51 PDT"]
[Termination "Game drawn by agreement"]

1. d4 Nf6 2. c4 e6 3. Nc3 Bb4 4. f3 c5 5. a3 cxd4 6. axb4 dxc3 7. bxc3 O-O 8. e3 Qc7 9. c5 b6 10. cxb6 Qxb6 11. Qd4 Qc7 12. b5 a6 13. Nh3 Bb7 14. Bd3 axb5 15. Rxa8 Bxa8 16. Bxb5 Nd5 17. c4 e5 18. Qh4 Nc3 19. O-O h6 20. Ba3 Re8 21. Qf2 Nxb5 22. cxb5 d5 23. f4 Nd7 24. fxe5 Nxe5 25.
Nf4 Ng4 26. Qb2 Nxe3 27. Nh5 Qe5 28. Qxe5 Rxe5 29. Bc5 d4 30. Bxd4 Rxh5 31. Bxe3 Rxb5 32. Ra1 Bd5 33. Bd4 Rb4 34. Rd1 Rc4 35. Rd2 Be4 36.
Kf2 f6 37. g3 Kf7 38. h4 h5 39. Be3 Ke6 40. Ra2 Kf5 41. Ra7 g6 42. Ra2 Kg4 43. Bf4 Bc2 44. Ra3 g5 45. hxg5 fxg5 46. Bd6 Be4 47.
Rb3 Rc2+ 48. Ke3 Bf5 49. Rb4+ Kh3 50. Rb5 Kg4 51. Rb4+ Kh3 52. Rb5 Rc6 53. Rxf5 Rxd6 54. Rxg5 h4 55. gxh4 Kxh4 56. Rg8 Rf6 1/2-1/2

[Event "*** SCC Grand Prix: Titled Tuesday Blitz"]
[Site "Chess.com"]
[Date "2020.06.02"]
[Round "9"]
[White "GAusal"]
[Black "annamaja"]
[Result "0-1"]
[WhiteElo "1991"]
[BlackElo "2189"]
[TimeControl "180+1"]
[EndTime "11:47:51 PDT"]
[Termination "annamaja won by checkmate"]

1. e4 e6 2. d4 d5 3. e5 c5 4. c3 Nc6 5. Nf3 Qb6 6. Be2 Bd7 7.
O-O Nh6 8. Bxh6 gxh6 9. Qd2 Bg7 10. a4 a5 11. Na3 cxd4 12. cxd4 O-O 13. Nb5 f6 14. exf6 Rxf6 15. Rac1 Raf8 16. h3 Rf4 17.
Rfd1 Nb4 18. Qc3 Bc6 19. Qe3 Re4 20. Qd2 Qd8 21. Rc3 Qf6 22. Bd3 Rf4 23. Bb1 Re4 24.
Bxe4 dxe4 25. Ne5 Nd5 26. Rg3 Nf4 27. Nd6 Rd8 28. Ndc4 Nh5 29. Rg4 Qf5 30. Qe3 Nf6 31. Rg3 h5 32. h4 Ng4 33. Nxg4 hxg4 34. Ne5 h5 35. Nc4 Bxa4 36. Re1 Bc6 37. Qg5 Rxd4 38. Qxf5 exf5 39. Ne3 f4 40. Nf5 fxg3 41. Nxd4 Bxd4 42. Kh1 gxf2 43. Rd1 Bb5 44. Rxd4 f1=Q+ 45. Kh2 Qf4+ 46.
Kh1 g3 47. Rd1 Qxh4+ 48. Kg1 Qh2# 0-1

[Event "*** SCC Grand Prix: Titled Tuesday Blitz"]
[Site "Chess.com"]
[Date "2020.06.02"]
[Round "9"]
[White "silverback96"]
[Black "Panterov"]
[Result "0-1"]
[WhiteElo "2200"]
[BlackElo "2133"]
[TimeControl "180+1"]
[EndTime "11:47:52 PDT"]
[Termination "Panterov won by resignation"]

1. e4 e6 2. d4 d5 3. exd5 exd5 4. Bd3 Bd6 5. Nf3 Ne7 6. c3 O-O 7. Qc2 h6 8. h3 c5 9. Be3 c4 10. Be2 Bf5 11. Qd2 Nbc6 12. g4 Be4 13. g5 h5 14. Qd1 g6 15. Nbd2 Nf5 16. Nxe4 dxe4 17.
Ng1 Nxe3 18. fxe3 Qxg5 19. Qc2 Qxe3 20. h4 Rad8 21. Nh3 Bg3+ 22. Kd1 Nb4 23. Qd2 Qxd2+ 24. Kxd2 Nc6 25. Ng5 Bf4+ 26. Kc2 Bxg5 27. hxg5 b5 28. a4 a6 29. axb5 axb5 30. Ra6 Rd6 31. Kb1 Rfd8 32. Rb6 Na7 33. Rb7 R8d7 34. Rb8+ Kg7 35. Kc2 Rd5 36. Rg1 Nc6 37. Rb6 Ne7 38. Bf1 R7d6 39. Rb7 Nc6 40. Bh3 b4 41. Rf1 b3+ 42. Kd2 Nd8 43. Rc7 Rxg5 44. Rxc4 Rg3 45. Bc8 Rg2+ 46. Kc1 e3 47.
Rc7 e2 48. Re1 Rf6 49. Bb7 Nxb7 50. Rxb7 h4 51. Rxb3 h3 52. c4 h2 53. Rh3 Rf1 54. Kd2 Rxe1 55. Kxe1 Rg1+ 56. Kxe2 h1=Q 57. Rxh1 Rxh1 58.
c5 Kf6 59. Kd3 Ke6 60. b4 Kd5 61. b5 Rh3+ 62. Kd2 f5 63. b6 Kc6 64. Ke2 g5 65. Kd2 g4 66. Ke2 f4 67. Kf2 Rd3 0-1

[Event "*** SCC Grand Prix: Titled Tuesday Blitz"]
[Site "Chess.com"]
[Date "2020.06.02"]
[Round "9"]
[White "yobdc"]
[Black "Maksimus1998"]
[Result "1-0"]
[WhiteElo "2226"]
[BlackElo "2508"]
[TimeControl "180+1"]
[EndTime "11:47:53 PDT"]
[Termination "yobdc won by resignation"]

1. c4 e5 2. Nc3 Nf6 3. Nf3 Nc6 4. h3 h6 5. d3 a6 6. a3 Bc5 7. b4 Ba7 8. e3 O-O 9. Be2 Re8 10. Bb2 d6 11. Rc1 Bf5 12. Nd5 Nxd5 13. cxd5 Ne7 14. e4 Bd7 15. O-O c6 16. dxc6 bxc6 17.
d4 exd4 18. Nxd4 Ng6 19. Nf5 Bxf5 20. exf5 Nf4 21. Bf3 Qg5 22. Kh2 d5 23. Rxc6 Qxf5 24. Bg4 Qd3 25. g3 Qb5 26. Rc2 Ne6 27. Kg2 Rad8 28.
Re1 d4 29. Bxe6 Rxe6 30. Rxe6 Qd5+ 31. Qf3 Qxe6 32. Re2 Qd6 33. Qb7 Qd7 34. Qxd7 Rxd7 35. Re8+ Kh7 36. Re2 f5 37. Kf3 g5 38. g4 fxg4+ 39. hxg4 Kg7 40. Ke4 Re7+ 41. Kd3 Rxe2 42. Kxe2 Kf6 43. Kd3 Ke5 44. Bc1 Kd5 45. f4 Bb8 46.
fxg5 hxg5 47. Bxg5 Bd6 48. Bf6 a5 49. bxa5 Bxa3 50.
Bxd4 1-0

[Event "*** SCC Grand Prix: Titled Tuesday Blitz"]
[Site "Chess.com"]
[Date "2020.06.02"]
[Round "9"]
[White "verdest"]
[Black "Grandmaster2B"]
[Result "1-0"]
[WhiteElo "2569"]
[BlackElo "2424"]
[TimeControl "180+1"]
[EndTime "11:47:54 PDT"]
[Termination "verdest won by resignation"]

1. d4 Nf6 2. c4 e6 3. Nf3 b6 4. g3 Ba6 5. b3 Bb7 6. Bg2 Bb4+ 7. Bd2 c5 8. Bxb4 cxb4 9. O-O O-O 10. a3 a5 11.
axb4 axb4 12. Rxa8 Bxa8 13. Nbd2 d6 14. Qc2 Qc7 15. Ra1 Bb7 16. Qd3 Nbd7 17. Ne1 Bxg2 18. Kxg2 e5 19. Nc2 exd4 20. Qxd4 Qc5 21. Nf3 Re8 22. e3 d5 23. Qxc5 bxc5 24. cxd5 Nxd5 25. Rd1 N7b6 26. Nfe1 Rd8 27. Kf3 Kf8 28. e4 c4 29.
exd5 cxb3 30. Nxb4 b2 31. Ned3 Na4 32. Rb1 Rb8 33. d6 Ke8 34. Kf4 Kd7 35. Ke5 Rb5+ 36.
Kd4 Rb8 37. Kc4 Rc8+ 38. Kb3 Nc3 39. Rxb2 Nd1 40. Rd2 Rc3+ 41. Ka2 1-0

[Event "*** SCC Grand Prix: Titled Tuesday Blitz"]
[Site "Chess.com"]
[Date "2020.06.02"]
[Round "9"]
[White "WPWPWP-2015"]
[Black "Muradore"]
[Result "1/2-1/2"]
[WhiteElo "2379"]
[BlackElo "2613"]
[TimeControl "180+1"]
[EndTime "11:47:56 PDT"]
[Termination "Game drawn by stalemate"]

1. e4 c6 2. d4 d5 3. e5 c5 4. c4 Nc6 5. Nf3 Bg4 6. cxd5 Bxf3 7. Qxf3 Nxd4 8. Qe4 f5 9. exf6 Nxf6 10. Qd3 Qxd5 11.
Nc3 Qe5+ 12. Be3 O-O-O 13. Qc4 Ng4 14. O-O-O Nxe3 15. fxe3 Qxe3+ 16. Kb1 e6 17. Bd3 Be7 18. Rhe1 Qg5 19. Ne4 Qd5 20. Qa4 Kb8 21. Bc4 Qf5 22.
Bd3 Qh5 23. Qc4 Rd7 24. Nc3 Rhd8 25. Be4 Bf6 26. a3 Rd6 27. Ka2 a6 28. g4 Qf7 29.
Qxc5 Qc7 30. Qxc7+ Kxc7 31. Bxh7 Nf3 32. Rxd6 Rxd6 33.
Rc1 Kb8 34. Ne4 Rd4 35. Nxf6 gxf6 36. h3 Ng5 37. Bc2 Nxh3 38. Rf1 Rf4 39. Rh1 Nf2 40.
Rh8+ Ka7 41. Bb3 Re4 42. Re8 Nxg4 43. Bxe6 f5 44. Re7 Ne3 45. Kb3 Nd5 46. Rxb7+ Kxb7 47. Bxd5+ Kb6 48. Bxe4 fxe4 49. Kc4 Ka5 50. b3 e3 51. Kd3 Kb5 52. Kxe3 Kc5 53. Ke4 Kc6 54. Kd4 Kb5 55. Kd5 Kb6 56. Kd6 Kb5 57. Kd5 Kb6 58.
Kc4 Ka5 59. a4 Kb6 60. b4 Kc6 61. Kd4 Kd6 62. Kc4 Kc6 63. a5 Kd6 64. b5 axb5+ 65. Kxb5 Kc7 66. a6 Kb8 67. Kb6 Ka8 68. a7 1/2-1/2

[Event "*** SCC Grand Prix: Titled Tuesday Blitz"]
[Site "Chess.com"]
[Date "2020.06.02"]
[Round "9"]
[White "ENEASZ"]
[Black "zajka-molotok"]
[Result "0-1"]
[WhiteElo "2477"]
[BlackElo "2384"]
[TimeControl "180+1"]
[EndTime "11:47:56 PDT"]
[Termination "zajka-molotok won on time"]

1. e4 c5 2. c3 Nf6 3. e5 Nd5 4. d4 cxd4 5. cxd4 d6 6. Bc4 Nb6 7. Bb5+ Bd7 8. e6 fxe6 9. Bd3 g6 10. h4 Bc6 11. h5 gxh5 12. Qxh5+ Kd7 13. Nf3 Na6 14.
Nc3 Nb4 15. Bb1 Kc7 16. Ng5 Qd7 17. Qh3 Kb8 18. Qxe6 Bg7 19. Qxd7 Bxd7 20. a3 N4d5 21. Nxd5 Nxd5 22. Be4 Nb6 23. Be3 Nc4 24. Rxh7 Rxh7 25.
Nxh7 Nxe3 26. fxe3 Bc6 27. Bxc6 bxc6 28. Ng5 Kb7 29.
Kd2 Bf6 30. Ne4 Rg8 31. g3 d5 32. Nc5+ Kc7 33. Rg1 Kd6 34. Nd3 Rg4 35. Ke2 e5 36. Kf3 Rg7 37. dxe5+ Bxe5 38. Nxe5 Kxe5 39. Rh1 Rf7+ 40.
Ke2 Rg7 41. Kf3 Rf7+ 42. Kg2 Rg7 43. Rh6 c5 44. Ra6 Ke4 45. Re6+ Kd3 46. Re5 d4 47.
exd4 cxd4 48. Kf3 Rf7+ 49. Kg4 Kc2 0-1

[Event "*** SCC Grand Prix: Titled Tuesday Blitz"]
[Site "Chess.com"]
[Date "2020.06.02"]
[Round "9"]
[White "DivyaDeshmukh23"]
[Black "GMaka"]
[Result "1/2-1/2"]
[WhiteElo "2473"]
[BlackElo "2363"]
[TimeControl "180+1"]
[EndTime "11:47:56 PDT"]
[Termination "Game drawn by repetition"]

1. e4 c5 2. Nf3 g6 3. d4 Bg7 4. c3 cxd4 5. cxd4 d5 6. e5 Nc6 7. Nc3 Bg4 8. Be2 e6 9. O-O Nge7 10. h3 Bxf3 11. Bxf3 Nf5 12. Be3 O-O 13. Bg4 Qb6 14. Bxf5 gxf5 15. Ne2 Kh8 16. Nf4 Bh6 17. Nh5 Bxe3 18.
fxe3 Rg8 19. Nf6 Rg7 20. b3 Ne7 21. Qh5 Ng8 22. Qh4 Nxf6 23. Qxf6 Kg8 24. Rac1 Rg6 25. Qe7 Qd8 26. Qxd8+ Rxd8 27. Rc7 Rb8 28. Rfc1 Rg3 29. Kf2 f4 30. exf4 Rd3 31. Rc8+ Rxc8 32. Rxc8+ Kg7 33. Rc7 Rxd4 34. Rxb7 Rd2+ 35. Kf3 Rxa2 36. g4 h6 37.
Rb8 Rh2 38. Kg3 Rb2 39. Kf3 a5 40. Rb5 Kg6 41. h4 h5 42. g5 Rh2 43. Kg3 Rb2 44. Kf3 Kf5 45. Rb7 Kg6 46. Rb5 1/2-1/2

[Event "*** SCC Grand Prix: Titled Tuesday Blitz"]
[Site "Chess.com"]
[Date "2020.06.02"]
[Round "9"]
[White "RobPeresian"]
[Black "EfrenRamos1"]
[Result "1-0"]
[WhiteElo "2381"]
[BlackElo "2198"]
[TimeControl "180+1"]
[EndTime "11:47:56 PDT"]
[Termination "RobPeresian won on time"]

1. e4 c5 2. Bc4 e6 3. Nc3 Nc6 4. a3 d6 5. Nf3 g6 6. d3 Bg7 7. O-O Nge7 8. Ba2 h6 9. Be3 e5 10. h3 O-O 11. Qd2 Kh7 12. Nh2 f5 13. f4 exf4 14.
Bxf4 g5 15. Be3 f4 16. Bf2 Ng6 17.
Rae1 Nge5 18. Nd5 f3 19. g4 h5 20. Ne3 hxg4 21. hxg4 Kg6 22. c3 Rh8 23. Bg3 Rh3 24.
Nf5 Qh8 25. d4 cxd4 26. cxd4 Bxf5 27. exf5+ Kh6 28. Bf2 Rxh2 29. Kxh2 Nxg4+ 30. Kg3 Nxf2 31. Qxf2 Bxd4 32. Rh1+ Kg7 33. Qd2 Qd8 34. Kxf3 Qf6 35. Bb1 Ne5+ 36. Kg2 Bb6 37. Rh5 Nf7 38. Reh1 Qe5 39.
Rxg5+ Kf8 40. Rg3 Re8 41. Rf3 Qe2+ 42. Qxe2 Rxe2+ 43. Kg3 Rxb2 44. f6 Bd4 45. Be4 Be5+ 46. Kg4 Rg2+ 47. Kh4 Rg8 48. Rc1 Rh8+ 49. Kg4 Nh6+ 50.
Kg5 Nf7+ 51. Kf5 Rh5+ 52. Kg4 Rg5+ 53. Kh4 Ke8 54. Rc8+ Kd7 55. Rf8 1-0

[Event "*** SCC Grand Prix: Titled Tuesday Blitz"]
[Site "Chess.com"]
[Date "2020.06.02"]
[Round "9"]
[White "Msb2"]
[Black "Sibelephant"]
[Result "1/2-1/2"]
[WhiteElo "2857"]
[BlackElo "3154"]
[TimeControl "180+1"]
[EndTime "11:47:57 PDT"]
[Termination "Game drawn by repetition"]

1. d4 d5 2. c4 c6 3. Nc3 Nf6 4. e3 g6 5. Nf3 Bg7 6. Be2 O-O 7. O-O e6 8. b3 b6 9. Qd2 Nbd7 10. Rd1 Re8 11. Ba3 Bb7 12. h3 Ne4 13. Qc2 Nxc3 14. Qxc3 c5 15. Rac1 Rc8 16. Qd2 cxd4 17. Nxd4 Nc5 18.
Bf3 e5 19. Nc2 e4 20. Be2 Nd3 21. Bxd3 exd3 22. Qxd3 dxc4 23. Qxd8 Rexd8 24. Rxd8+ Rxd8 25. bxc4 Rd3 26. Bb4 Rd7 27. Ne1 Rc7 28. Nf3 Bd5 29.
Nd2 b5 30. Bc3 Bxc3 31. Rxc3 bxc4 32. e4 Be6 33. Kf1 Rc5 34. Ke2 Ra5 35. a3 Kf8 36. Ke3 Ke7 37. Kd4 Ra4 38. Kc5 Kd8 39. f4 f6 40. Kb5 Bd7+ 41. Kc5 Be6 42. g4 Ke7 43. f5 Bf7 44. Kb5 Be8+ 45. Kc5 Bf7 46. Kc6 Be8+ 47. Kc5 Bf7 1/2-1/2

[Event "*** SCC Grand Prix: Titled Tuesday Blitz"]
[Site "Chess.com"]
[Date "2020.06.02"]
[Round "9"]
[White "PavlovDanila"]
[Black "Maghalashvili"]
[Result "1-0"]
[WhiteElo "2649"]
[BlackElo "2775"]
[TimeControl "180+1"]
[EndTime "11:47:57 PDT"]
[Termination "PavlovDanila won on time"]

1. e4 c5 2. Nf3 d6 3. d4 cxd4 4.
Nxd4 Nf6 5. Nc3 a6 6. Be3 e5 7. Nb3 Be6 8. Qd2 Nbd7 9. O-O-O Be7 10. f4 Rc8 11. f5 Bc4 12. g4 Nxg4 13. Rg1 Nxe3 14.
Qxe3 Bxf1 15. Rdxf1 h6 16. Kb1 Bg5 17. Qd3 Qc7 18.
Rd1 Nf6 19. Qxd6 Qxd6 20. Rxd6 Rxc3 21. bxc3 Nxe4 22. Rd3 Bf4 23. Re1 Nf6 24. Nc5 O-O 25. Ne4 Nxe4 26. Rxe4 Bxh2 27. Rd7 b5 28. Ra7 Rc8 29.
Rxa6 Rxc3 30. Ra5 Bf4 31. Rxb5 h5 32. Kb2 Rc6 33. a4 h4 34. Rb3 g6 35. fxg6 f5 36.
Reb4 Kg7 37. a5 e4 38. Rb7+ Kxg6 39. R3b6 Rxb6+ 40. Rxb6+ Kg5 41. a6 h3 42. a7 h2 43.
a8=Q Be5+ 44. Ka2 h1=Q 45. Qd8+ Kf4 46. Qd2+ e3 47. Rb4+ Kg5 48. Qxe3+ 1-0

[Event "*** SCC Grand Prix: Titled Tuesday Blitz"]
[Site "Chess.com"]
[Date "2020.06.02"]
[Round "9"]
[White "MPGM"]
[Black "AndrewDGreen"]
[Result "1-0"]
[WhiteElo "2543"]
[BlackElo "2343"]
[TimeControl "180+1"]
[EndTime "11:47:58 PDT"]
[Termination "MPGM won on time"]

1. d4 Nf6 2. e3 g6 3. b3 Bg7 4.
Bb2 c5 5. Nc3 O-O 6. Nge2 cxd4 7. exd4 d5 8. Qd2 Nc6 9. f3 Re8 10. O-O-O Bd7 11. Kb1 a5 12. a3 e6 13. g4 a4 14. b4 Qc7 15. h4 h5 16. g5 Nh7 17.
Nb5 Qb6 18. Nf4 Nxb4 19. Qxb4 Bf8 20. Nd6 Qxd6 21. Qxd6 Bxd6 22. Nd3 Rec8 23. f4 Bb5 24. Ne5 Bxf1 25. Rhxf1 Nf8 26. Rf3 Ra6 27. Ka2 Rxc2 28. Rc3 Rf2 29. Nd3 Rh2 30. Rc8 Kg7 31. Rd8 Rb6 32. Rc1 Be7 33. Re8 Rd2 34. Rc3 Bd6 35. Kb1 Nd7 36. Rd8 Nb8 37. Rc2 Rxc2 38. Kxc2 Na6 39. Nc5 Rc6 40. Kd3 Bxc5 41. dxc5+ f6 42. gxf6+ Kf7 43. Rd7+ Ke8 44. Re7+ Kf8 45. Ke3 Nxc5 46.
Rg7 Ne4 47. Rxg6 Kf7 48. Rg7+ Kf8 49. Rxb7 Rc2 50. Be5 Rh2 51. f5 Rh3+ 52. Kd4 exf5 53. Bf4 Rf3 54. Bh6+ Ke8 55. f7+ 1-0

[Event "*** SCC Grand Prix: Titled Tuesday Blitz"]
[Site "Chess.com"]
[Date "2020.06.02"]
[Round "9"]
[White "ftorodent"]
[Black "ShahMatKanal"]
[Result "1-0"]
[WhiteElo "2652"]
[BlackElo "2468"]
[TimeControl "180+1"]
[EndTime "11:47:59 PDT"]
[Termination "ftorodent won on time"]

1. d4 d5 2. c4 e6 3. Nf3 Nf6 4. Nc3 Nbd7 5. Bg5 h6 6. Bh4 Be7 7. e3 O-O 8. Rc1 a6 9. c5 Ne4 10. Bxe7 Qxe7 11. Be2 f5 12. O-O c6 13. b4 e5 14. Re1 Nxc3 15. Rxc3 e4 16. Nd2 Nf6 17.
f4 exf3 18. Nxf3 Be6 19. Bd3 Ne4 20. Rc2 Bf7 21. Ne5 Qg5 22. Qf3 Bh5 23. Qf4 Qe7 24.
Bxe4 dxe4 25. Nc4 g5 26. Qd6 Qg7 27. Qe5 Rf6 28. Nd6 Raf8 29. d5 Bg6 30. Rf2 Kh7 31. Ref1 Qd7 32. dxc6 bxc6 33. Qd4 f4 34. h4 f3 35. hxg5 hxg5 36. gxf3 exf3 37. Rh2+ Kg8 38. Qc4+ Kg7 39. Qd4 Qe6 40. Rxf3 g4 41. Rxf6 Rxf6 42.
Rf2 g3 43. Rxf6 Qxf6 44. Kg2 Qxd4 45. exd4 Kf6 46. Kxg3 Ke6 47. Kf4 Kd5 48. Ke3 Bb1 49. a4 Bc2 50. b5 cxb5 51. axb5 axb5 52. Nxb5 Bg6 53. Nc7+ Kc6 54. Ne6 Bf7 55. Nd8+ 1-0

[Event "*** SCC Grand Prix: Titled Tuesday Blitz"]
[Site "Chess.com"]
[Date "2020.06.02"]
[Round "9"]
[White "gui_borba"]
[Black "djano"]
[Result "1-0"]
[WhiteElo "2327"]
[BlackElo "2408"]
[TimeControl "180+1"]
[EndTime "11:47:59 PDT"]
[Termination "gui_borba won by resignation"]

1. d4 Nf6 2. Bf4 Nh5 3. Bc1 g6 4. e4 Bg7 5. Nc3 c5 6. d5 d6 7. Be2 Nf6 8. Nf3 O-O 9. O-O e6 10. a4 exd5 11. exd5 Bg4 12. Nd2 Bxe2 13. Qxe2 Nbd7 14.
Nc4 Re8 15. Qd3 Nb6 16. Nxb6 Qxb6 17. h3 Nd7 18. a5 Qc7 19. a6 c4 20. Qg3 bxa6 21.
Rxa6 Qc5 22. Qxd6 Qc8 23. Rc6 Qd8 24. Bf4 a5 25. Nb5 Ne5 26. Nc7 Nxc6 27. Qxc6 Bxb2 28.
d6 Rb8 29. Nxe8 Rb6 30. Qc7 Rb8 31. Qxd8 Rxd8 32. Rd1 a4 33. Bg5 f6 34. Nxf6+ Kf7 35.
Ne4 Rd7 36. Nc5 Ke8 37. Nxd7 Kxd7 38. Bc1 c3 39. Bf4 a3 40. Kf1 a2 41. Ke2 a1=Q 42. Rxa1 Bxa1 43. Kd3 Bb2 44. Be5 Ba3 45. Kxc3 Ke6 46. Bg3 Bc5 47. Kc4 Ba3 48. Kb5 Kd7 49. c4 1-0

[Event "*** SCC Grand Prix: Titled Tuesday Blitz"]
[Site "Chess.com"]
[Date "2020.06.02"]
[Round "9"]
[White "MNyuyu"]
[Black "IngOscarArdila"]
[Result "1-0"]
[WhiteElo "2271"]
[BlackElo "2094"]
[TimeControl "180+1"]
[EndTime "11:48:00 PDT"]
[Termination "MNyuyu won on time"]

1. d4 Nf6 2. Nf3 g6 3. Bf4 d6 4. e3 Bg7 5. Be2 Nbd7 6. h3 O-O 7. O-O b6 8. c3 Bb7 9. Nbd2 Ne4 10. Nxe4 Bxe4 11.
Nd2 Bb7 12. Bf3 Bxf3 13. Nxf3 Nf6 14. Bh2 Qd7 15. Qc2 c6 16. e4 d5 17. exd5 cxd5 18. Rfe1 Ne4 19. Be5 f6 20. Bh2 Rac8 21. Qd3 e6 22.
Re2 b5 23. a3 a6 24. Rae1 Rfe8 25. Nd2 Nd6 26. Nb3 Nc4 27. Nc5 Rxc5 28. dxc5 Qc6 29. Bd6 Nxd6 30. Rxe6 Rxe6 31. Rxe6 Qxc5 32. b4 Qc6 33.
Qg3 Bf8 34. Rxf6 Be7 35. Re6 Qd7 36. Qe5 Bf8 37. Qxd5 Kg7 38. h4 Qc7 39. h5 Nf7 40.
Qd4+ Kg8 41. hxg6 hxg6 42. Rxg6+ Kh7 43. Rg3 Nh6 44. Qe4+ Kh8 45. Qd4+ Bg7 46. Qe4 Qd7 47. Qa8+ Kh7 48. Qxa6 Qd1+ 49. Kh2 Qh5+ 50. Rh3 Qe5+ 51.
g3 Qxc3 52. Qxb5 Qf3 53. Qf1 Kg8 54. Qc4+ Kh7 55. Qc2+ Kg8 56. Kg1 Ng4 57. Rh4 Ne5 58.
Qh7+ Kf8 59. Rf4+ Qxf4 60. gxf4 1-0

[Event "*** SCC Grand Prix: Titled Tuesday Blitz"]
[Site "Chess.com"]
[Date "2020.06.02"]
[Round "9"]
[White "vovachesss"]
[Black "GMBenjaminBok"]
[Result "0-1"]
[WhiteElo "2645"]
[BlackElo "2895"]
[TimeControl "180+1"]
[EndTime "11:48:01 PDT"]
[Termination "GMBenjaminBok won by resignation"]

1. Nf3 d5 2. b3 Bf5 3. Bb2 e6 4. e3 h6 5. d4 Nf6 6. Bd3 Bxd3 7. Qxd3 Bd6 8. O-O Nbd7 9. Nbd2 O-O 10. Rfe1 c6 11. c4 Qa5 12. a3 Rfd8 13. b4 Qa6 14.
Rac1 Rac8 15. Qb3 Be7 16. Rc2 b5 17. c5 Qb7 18. Ne5 Ra8 19. f4 a5 20. Ndf3 axb4 21.
axb4 Ra4 22. g4 Ne4 23. Rg2 f6 24. Ng6 Nf8 25. Nxe7+ Qxe7 26. g5 hxg5 27. fxg5 Nxg5 28. Nxg5 fxg5 29. e4 Nh7 30. exd5 Rxd5 31. Bc1 Ra8 32. Qh3 Re8 33. Rge2 Qf6 34. Rxe6 Rxe6 35. Qxe6+ Qxe6 36. Rxe6 Rxd4 37. Be3 Rxb4 38. Rxc6 Nf6 39. Rc8+ Kf7 40. c6 Rc4 41. Kf1 g4 42. Ke2 Nd5 43. Bf2 b4 44. Bg3 Ne7 45. Rc7 Ke6 46. Rb7 Nxc6 47.
Rxg7 b3 48. Rg6+ Kf5 49. Rg7 b2 50. Rb7 Rb4 51. Rf7+ Ke6 52. Rf1 b1=Q 0-1

[Event "*** SCC Grand Prix: Titled Tuesday Blitz"]
[Site "Chess.com"]
[Date "2020.06.02"]
[Round "9"]
[White "RobertoJBM"]
[Black "Gordima"]
[Result "1-0"]
[WhiteElo "2648"]
[BlackElo "2761"]
[TimeControl "180+1"]
[EndTime "11:48:01 PDT"]
[Termination "RobertoJBM won on time"]

1. d4 d5 2. c4 e6 3. Nc3 c5 4.
cxd5 exd5 5. Nf3 Nc6 6. e3 Nf6 7.
Be2 Bd6 8. dxc5 Bxc5 9. O-O O-O 10. b3 Qe7 11. Nxd5 Nxd5 12. Qxd5 Be6 13. Qg5 f6 14. Qh4 g5 15. Qe4 Rae8 16. Qxe6+ Qxe6 17. Bc4 Qxc4 18. bxc4 g4 19. Nd2 f5 20. Nb3 Bd6 21. Bb2 f4 22. Rfd1 Be5 23. Bxe5 Rxe5 24. Rd7 fxe3 25. fxe3 Rxe3 26.
Rxb7 Re2 27. Rf1 Rxf1+ 28. Kxf1 Rxa2 29. Nc5 Ne5 30. Ne4 Nxc4 31. Nf6+ Kf8 32. Nxh7+ Ke8 33. Nf6+ Kd8 34. Nxg4 a5 35. h4 Nd2+ 36. Kg1 Ra1+ 37.
Kf2 a4 38. Ne5 Kc8 39. Ra7 a3 40. h5 a2 41. Ke2 Ne4 42. h6 Nc3+ 43. Kd3 Rd1+ 44.
Kxc3 a1=Q+ 45. Rxa1 Rxa1 46. g4 Rh1 47. g5 Kc7 48.
Kd4 Kd6 49. Ke4 Ke6 50. Ng4 Rh4 51. Kf4 Rh1 52. g6 Rf1+ 53. Kg5 Rf5+ 54. Kh4 Rf1 55. h7 Rh1+ 56. Kg5 1-0

[Event "*** SCC Grand Prix: Titled Tuesday Blitz"]
[Site "Chess.com"]
[Date "2020.06.02"]
[Round "9"]
[White "Kildepiotr"]
[Black "ChronicUnhappiness"]
[Result "1-0"]
[WhiteElo "2467"]
[BlackElo "2316"]
[TimeControl "180+1"]
[EndTime "11:48:01 PDT"]
[Termination "Kildepiotr won by resignation"]

1. Nf3 Nf6 2. g3 b5 3. Bg2 Bb7 4. O-O e6 5. d3 c5 6. Nbd2 Be7 7. a4 b4 8. e4 a5 9. e5 Nd5 10. Nc4 O-O 11. h4 f6 12. exf6 Nxf6 13. Bg5 Nc6 14. Re1 h6 15. Bf4 Nd5 16. Bd6 Nd4 17. Nxd4 cxd4 18. Qh5 Nf6 19. Qc5 Bxd6 20. Qxd6 Bxg2 21.
Kxg2 Nd5 22. Qe5 Qf6 23. Qxf6 Rxf6 24. Re4 Raf8 25. f4 g5 26. hxg5 hxg5 27. Ne5 Rf5 28. Nxd7 R8f7 29. Ne5 Ne3+ 30. Rxe3 dxe3 31. Nxf7 Kxf7 32.
Kf3 gxf4 33. gxf4 e5 34. Kxe3 Rxf4 35. Rh1 Rg4 36. Rh6 Rg2 37. Rc6 Ke7 38. Ke4 Re2+ 39.
Kd5 Kd7 40. Rc5 Ke7 41. b3 Kd7 42. Rxa5 Rxc2 43. Ra7+ Kc8 44. Ra5 Rc3 45. Rc5+ Kd7 46. Rb5 Rxb3 47. Kc4 Rc3+ 48. Kxb4 Rxd3 49. Rxe5 Kc7 50. Kb5 Rb3+ 51. Ka6 Rb1 52. Rc5+ Kb8 53. Rb5+ Rxb5 54. axb5 Ka8 55. b6 Kb8 56. b7 1-0